 Dungeon Crawl Stone Soup version 0.16-a0-44-gd96af6c (webtiles) character file.

212386 Ololoev the Fencer (level 18, -5/148 HPs)
             Began as a Centaur Hunter on Aug 5, 2014.
             Was the Champion of Okawaru.
             Killed from afar by an ogre mage (28 damage)
             ... with a bolt of lightning
             ... led by an ironheart preserver
             ... on Level 2 of the Vaults.
             The game lasted 04:40:21 (56462 turns).

Ololoev the Fencer (Centaur Hunter)                Turns: 56462, Time: 04:40:22

HP  -5/148       AC 31     Str 18 (19) XL: 18   Next: 24%
MP  25/25        EV 13     Int 13      God: Okawaru [******]
Gold 2175        SH  0     Dex 18 (19) Spells:  0 memorised, 17 levels left

rFire  + . .     SeeInvis .     j - +1 claymore (flame)
rCold  + . .     Clarity  +     u - +4 scale mail of Qazlal's Reproof {+Rage rF+}
rNeg   + . .     rCorr    .     (no shield)
rPois  +         rRot     .     S - +2 helmet {Int+3}
rElec  .         Spirit   .     W - +2 cloak {rPois}
SustAb .         Warding  .     I - +1 pair of gloves {Dex+3}
rMut   .         Stasis   .     B - +4 centaur barding
Gourm  .                        g - amulet of the Four Winds {Clar rN+ MR+++}
MR     ++++.                    r - ring of regeneration
                                D - ring of protection from cold

@: very quick, incredibly resistant to hostile enchantments, extremely
unstealthy
A: hooves 3, deformed body, speed 2, strong 1, tough skin 3
a: Heroism, Finesse, Renounce Religion, Evoke Berserk Rage
}: 1/15 runes: decaying


You were on level 2 of the Vaults.
You worshipped Okawaru.
Okawaru was exalted by your worship.
You were very hungry.

You visited 6 branches of the dungeon, and saw 34 of its levels.
You visited the Abyss 1 time.
You also visited: Labyrinth, Bailey and Volcano.

You collected 4047 gold pieces.
You spent 1872 gold pieces at shops.

Inventory:

Hand weapons
 j - a +1 claymore of flaming (weapon)
 H - a +1 arbalest of flaming
 T - the +3 great sword "Joaleud" {venom, +Blink +Inv SInv}
   (Okawaru gifted it to you on level 8 of the Lair of Beasts)

   It poisons the flesh of those it strikes.
   It enhances your eyesight.
   It lets you turn invisible.
   It lets you blink.
Missiles
 c - 161 bolts
 h - 71 bolts of flame
 l - 38 poisoned bolts
 y - 20 bolts of frost
 U - 60 steel bolts
Armour
 u - the +4 scale mail of Qazlal's Reproof (worn) {+Rage rF+}
   (You found it in a labyrinth)

   It protects you from fire.
   It lets you go berserk.
 B - a +4 centaur barding (worn)
 I - a +1 pair of gloves of dexterity (worn)
 S - a +2 helmet of intelligence (worn)
 W - a +2 cloak of poison resistance (worn)
Magical devices
 b - a wand of disintegration (12)
 s - a wand of teleportation (9)
 v - a wand of heal wounds (4)
 M - a wand of teleportation (7)
 R - a wand of digging (11)
Comestibles
 f - 22 bread rations
 i - 2 beef jerkies
 F - a chunk of orc flesh
 X - a meat ration
Scrolls
 d - 3 scrolls of enchant armour
 o - 8 scrolls of recharging
 w - 4 scrolls of teleportation
 x - 11 scrolls of remove curse
 z - 18 scrolls of identify
 C - a scroll of fear
 G - a scroll of fog
 K - 7 scrolls of enchant weapon
 N - 4 scrolls of immolation
 Q - 4 scrolls of summoning
 Y - 2 scrolls of magic mapping
Jewellery
 g - the amulet of the Four Winds (around neck) {Clar rN+ MR+++}
   (You bought it in a shop on level 10 of the Dungeon)

   [amulet of clarity]

   It provides mental clarity.
   It protects you from negative energy.
   It affects your resistance to hostile enchantments.
 r - a ring of regeneration (right hand)
 D - a ring of protection from cold (left hand)
 O - an uncursed ring of flight
 P - an uncursed amulet of the gourmand
Potions
 a - 8 potions of invisibility
 e - 2 potions of flight
 k - 6 potions of restore abilities
 m - a potion of agility
 n - 9 potions of curing
 p - a potion of resistance
 t - 5 potions of might
 A - 2 potions of brilliance
 E - 2 potions of haste
 J - a potion of cancellation
 L - 6 potions of berserk rage
 V - 4 potions of heal wounds
Miscellaneous
 Z - a lantern of shadows
Rods
 q - a +1 rod of ignition (6/13)
   (You found it on level 6 of the Dungeon)


   Skills:
 - Level 10.3 Fighting
 + Level 18.2 Long Blades
 - Level 12.1 Crossbows
 - Level 10.0 Armour
 * Level 13.7 Dodging
 - Level 0.5 Stealth
 - Level 6.0 Evocations


You had 17 spell levels left.
You didn't know any spells.

Dungeon Overview and Level Annotations

Branches:
Dungeon (14/15)            Temple (1/1) D:7             Orc (4/4) D:9
    Elf (0/3) Orc:3          Lair (8/8) D:11          Swamp (5/5) Lair:6
 Spider (0/5) Lair:6        Slime (0/6) Lair:6       Vaults (2/5) D:14
  Crypt: Vaults:2-3

Altars:
Ashenzari
Cheibriados
Dithmenos
Elyvilon
Fedhas
Gozag
Kikubaaqudgha
Makhleb
Nemelex Xobeh
Okawaru
Qazlal
Sif Muna
Trog
Vehumet
Xom
Yredelemnul
Zin
The Shining One
Jiyva

Shops:
D:9 ([   D:10 =   D:14 ?   Orc:1 (   Orc:4 *[:*%([*   Vaults:1 *


Innate Abilities, Weirdness & Mutations

You have hooves in place of feet.
Armour fits poorly on your strangely shaped body.
You cover ground very quickly.
You have extremely tough skin (AC +3).
Your muscles are strong. (Str +2)


Message History

The ogre mage closely misses you. The ogre mage barely misses you.
An ogre mage is nearby!
The ogre mage points at you and mumbles some strange words.
The bolt of lightning hits you!
* * * LOW HITPOINT WARNING * * *
Drink which item? (? for menu, Esc to quit)
You feel much better.
The ogre mage hits you from afar with a spear.
* * * LOW HITPOINT WARNING * * *
The ogre mage points at you and mumbles some strange words.
The bolt of lightning hits you!
* * * LOW HITPOINT WARNING * * *
You are too injured to fight recklessly!
The ogre mage hits you with a spear.
* * * LOW HITPOINT WARNING * * *
You slice the ogre mage!! You burn the ogre mage. You kick the ogre mage.
The ogre mage is severely wounded.
The ogre mage gestures at you while chanting.
The bolt of lightning hits you!
You die...

#.O.(# . #... #.[..# ..# #...
###...(###############'##########
.......(.O.(........(.(....C.....
.............C.[.(.(...........p.
.................................
.................C...............
###[)).##########O###############
#....# #....@.....# #... #....#
#..........# #.8. #....#
#..........# #... #....#
#%.........# #.## #....#
#..........# #.# #....#
#..........########.# #....#
############......#.# #....#
#########......#.## #....#
#......##......#...


You could see an ogre mage and a cyclops.

Vanquished Creatures
  Norris (Swamp:5)
  A tentacled monstrosity (Swamp:2)
  2 thorn hunters
  2 ettins (Vaults:2)
  2 deep elf sorcerers
  A fire giant (Vaults:1)
  Donald (Orc:3)
  Wiglaf (Swamp:5)
  An orc warlord (Orc:4)
  A vault warden (Vaults:1)
  Louise (D:14)
  Gastronok (Lair:2)
  A stone giant (Vaults:2)
  A deep elf annihilator (Vaults:2)
  Snorg (Lair:6)
  A minotaur (Lab)
  5 vault guards
  5 ironheart preservers
  A yaktaur captain (Vaults:2)
  A great orb of eyes (Vaults:2)
  28 hydras
  Harold (Lair:2)
  3 rakshasas (Vaults:2)
  An ice dragon (Vaults:1)
  4 shambling mangroves
  Erica (Lair:7)
  3 centaur warriors
  9 alligators
  6 death yaks
  An orc high priest (Orc:4)
  A tengu warrior (D:14)
  Urug (D:14)
  Nergalle (Lair:7)
  A wretched star (Abyss:1)
  6 large abominations (Abyss:1)
  A fire crab (Vaults:2)
  8 skeletal warriors
  4 deep elf knights
  A deep elf summoner (Vaults:2)
  An anaconda zombie (Abyss:1)
  3 spriggan druids
  A giant orange brain (Abyss:1)
  2 unseen horrors (D:13)
  12 swamp dragons
  5 hill giants
  A wolf spider zombie (D:14)
  14 ugly things
  6 small abominations
  A necromancer (Vaults:1)
  12 orc knights
  3 ironbrand convokers
  A wizard (Vaults:2)
  4 orc sorcerers (Orc:4)
  2 red wasps
  3 wolf spiders
  3 manticores
  A red wasp (shapeshifter) (D:13)
  A frost giant zombie (Vaults:1)
  4 griffons
  6 black mambas
  A vault sentinel (Vaults:2)
  2 cyclopes
  8 elephants
  2 orange demons (Abyss:1)
  4 gargoyles
  2 torpor snails (Lair:6)
  2 kobold demonologists
  26 spiny frogs
  An iron devil (Abyss:1)
  15 trolls
  5 fire drakes
  2 yaktaurs
  The ghost of runewalsh the Chiller, an experienced OpIE (D:5)
  16 komodo dragons
  A tengu conjurer (D:13)
  2 deep elf priests
  2 ancient zymes (Abyss:1)
  A wind drake (shapeshifter) (Vaults:1)
  5 polar bears (Lair:8)
  A two-headed ogre (Vaults:2)
  2 jumping spiders (Vaults:2)
  A blue devil (Orc:4)
  17 baby alligators
  11 giant leeches
  A jumping spider (shapeshifter) (D:11)
  18 ravens
  A boulder beetle (Vaults:2)
  2 hydra skeletons
  4 bog bodies
  An ice dragon zombie (Vaults:1)
  20 slime creatures
  4 trapdoor spiders (Lair:6)
  29 blink frogs
  11 spriggans
  3 redbacks
  2 vampires (Volcano)
  3 basilisks
  6 deep elf magi
  An ice dragon skeleton (Vaults:1)
  10 wyverns
  6 flying skulls
  A hill giant zombie (D:10)
  9 hogs (Lair:8)
  3 wraiths
  23 vampire mosquitoes
  Grum (D:8)
  34 wolves
  2 deep elf fighters (Vaults:1)
  4 hungry ghosts
  15 hippogriffs
  9 wargs
  A hill giant skeleton (D:9)
  37 yaks
  26 swamp worms
  A soldier ant (D:12)
  8 porcupines
  4 hell hounds (Lair:8)
  16 swamp drakes
  24 water moccasins
  7 sky beasts
  3 mottled dragons
  4 ice beasts
  9 black bears
  2 phantoms
  A human simulacrum (Vaults:1)
  A boggart (Vaults:2)
  2 necrophages
  13 ogres
  8 boring beetles
  39 orc warriors
  21 crocodiles
  10 yellow wasps
  Duvessa (Orc:1)
  A yaktaur zombie (D:13)
  6 centaurs
  A human zombie (Vaults:1)
  4 big kobolds
  A cyclops zombie (D:12)
  21 giant frogs
  3 brain worms
  6 insubstantial wisps (Swamp:5)
  24 killer bees
  18 wights
  3 scorpions
  2 quasits
  2 goliath beetles (D:8)
  Dowan (Orc:1)
  10 crimson imps
  A centaur zombie (D:7)
  2 electric eels
  An iron imp (Abyss:1)
  21 hounds
  Crazy Yiuf (D:5)
  25 orc priests
  A gnoll shaman (Orc:4)
  2 jellies
  An elf skeleton (D:13)
  12 iguanas
  24 orc wizards
  5 worker ants
  Natasha (thrice) (D:4)
  18 sheep
  An ogre zombie (Orc:4)
  Ijyb (D:4)
  A mottled dragon skeleton (D:12)
  3 ogre skeletons
  2 mummies (Volcano)
  A hound skeleton (D:9)
  A worker ant zombie (D:6)
  11 gnolls
  17 adders
  78 green rats
  An orc skeleton (D:7)
  A goliath beetle zombie (D:5)
  2 worms
  An inept item mimic (D:9)
  4 shadow imps
  A white imp (Abyss:1)
  An ufetubus (Orc:4)
  6 orc zombies
  6 giant geckos
  3 oozes
  191 orcs
  A ball python (D:2)
  9 bats
  25 goblins
  18 hobgoblins
  13 jackals
  7 giant cockroaches
  3 giant newts
  A giant spore (D:12)
  2 goblin skeletons
  A goblin zombie (Orc:4)
  A jackal zombie (D:6)
  31 kobolds
  2 kobold skeletons
  2 kobold zombies (D:6)
  19 quokkas
  19 rats
  6 ballistomycetes
  6 briar patches (Swamp:3)
  A crawling corpse (Vaults:1)
  4 fungi
  2 plants
1515 creatures vanquished.

Vanquished Creatures (others)
  An ironbrand convoker (Vaults:1)
  A baby alligator (Swamp:3)
  A shadow (Swamp:3)
  A worker ant zombie (D:7)
  2 orcs
  A giant spore (D:6)
  A lurking horror (Abyss:1)
  A bush (Lair:6)
  15 fungi
  7 plants
  5 starspawn tentacles (Abyss:1)
  32 starspawn tentacle segments (Abyss:1)
68 creatures vanquished.

Grand Total: 1583 creatures vanquished

Notes
Turn   | Place    | Note
--------------------------------------------------------------
     0 | D:1      | Ololoev, the Centaur Hunter, began the quest for the Orb.
     0 | D:1      | Reached XP level 1. HP: 16/16 MP: 1/1
   110 | D:1      | Reached XP level 2. HP: 23/23 MP: 2/2
   116 | D:1      | Reached skill level 5 in Crossbows
  1111 | D:2      | Reached XP level 3. HP: 28/28 MP: 3/3
  1329 | D:2      | Found a deep blue altar of Sif Muna.
  1913 | D:2      | Found a glowing golden altar of the Shining One.
  1975 | D:3      | Reached skill level 6 in Crossbows
  2009 | D:3      | Reached XP level 4. HP: 30/35 MP: 3/3
  3009 | D:4      | Noticed Natasha
  3014 | D:4      | Killed Natasha
  3014 | D:4      | Reached skill level 7 in Crossbows
  3014 | D:4      | Reached XP level 5. HP: 29/40 MP: 4/4
  3089 | D:4      | Noticed Natasha
  3100 | D:4      | Killed Natasha
  3409 | D:4      | Reached skill level 8 in Crossbows
  3409 | D:4      | Reached XP level 6. HP: 39/47 MP: 5/5
  3497 | D:4      | Noticed Natasha
  3498 | D:4      | Killed Natasha
  3568 | D:4      | Found a glowing golden altar of the Shining One.
  3568 | D:4      | Found a glowing silver altar of Zin.
  3569 | D:4      | Found a white marble altar of Elyvilon.
  3606 | D:4      | Noticed Ijyb
  3616 | D:4      | Killed Ijyb
  3787 | D:5      | Entered Level 5 of the Dungeon
  3841 | D:5      | Noticed Crazy Yiuf
  3855 | D:5      | Killed Crazy Yiuf
  3869 | D:5      | Noticed runewalsh's ghost (experienced OpIE)
  3917 | D:5      | Killed runewalsh's ghost
  3917 | D:5      | Reached skill level 9 in Crossbows
  3917 | D:5      | Reached XP level 7. HP: 22/52 MP: 5/5
  4245 | D:5      | Found an ancient bone altar of Kikubaaqudgha.
  4458 | D:5      | Reached skill level 10 in Crossbows
  4816 | D:5      | Found an iron altar of Okawaru.
  4822 | D:5      | Became a worshipper of Warmaster Okawaru
  5273 | D:5      | Found a shattered altar of Ashenzari.
  5561 | D:6      | Found a bloodstained altar of Trog.
  5908 | D:6      | Reached skill level 11 in Crossbows
  5908 | D:6      | Reached XP level 8. HP: 52/59 MP: 6/6
  6222 | D:6      | Acquired Okawaru's first power
  6248 | D:6      | Found a bloodstained altar of Trog.
  6256 | D:6      | Reached skill level 12 in Crossbows
  6406 | D:6      | Found a stormy altar of Qazlal.
  6418 | D:6      | Identified a +1 rod of ignition (13/13) (You found it on level 6 of the Dungeon)
  6928 | D:7      | Reached XP level 9. HP: 67/71 MP: 7/7
  6972 | D:7      | Reached skill level 5 in Fighting
  7069 | D:7      | Found a staircase to the Ecumenical Temple.
  7081 | Temple   | Entered the Ecumenical Temple
  7230 | D:7      | Reached skill level 1 in Long Blades
  7977 | D:7      | Found a snail-covered altar of Cheibriados.
  8954 | D:8      | Reached skill level 5 in Long Blades
  9205 | D:8      | Noticed Grum
  9206 | D:8      | Reached XP level 10. HP: 51/81 MP: 7/7
  9225 | D:8      | Killed Grum
  9451 | D:8      | Got an encrusted quarterstaff
  9452 | D:8      | Identified the +3 quarterstaff of the Coin {distort, rElec rF+} (You found it on level 8 of the Dungeon)
 10967 | D:8      | Found a snail-covered altar of Cheibriados.
 11116 | D:8      | Reached skill level 5 in Dodging
 11402 | D:9      | Acquired Okawaru's second power
 11402 | D:9      | Received a gift from Okawaru
 11424 | D:9      | Found Geudu's Weapon Shoppe.
 11426 | D:9      | Found a staircase to the Orcish Mines.
 11427 | D:9      | Found Chasici's Armour Shoppe.
 11532 | D:9      | Bought a +3 scale mail of magic resistance for 390 gold pieces
 11819 | D:9      | Reached skill level 1 in Armour
 12490 | D:10     | Entered Level 10 of the Dungeon
 13015 | D:10     | Found Blipn's Jewellery Shoppe.
 13100 | D:10     | Reached XP level 11. HP: 82/86 MP: 8/8
 13161 | D:10     | Noticed a hill giant
 13175 | D:10     | Killed a hill giant
 13213 | D:10     | Received a gift from Okawaru
 13635 | D:10     | Got a polished trident
 13636 | D:10     | Identified the +6 trident "Rizotip" {flame, rC++ Str-1} (You found it on level 10 of the Dungeon)
 14630 | D:11     | Reached skill level 10 in Long Blades
 14696 | D:11     | Found a staircase to the Lair.
 14825 | D:11     | Received a gift from Okawaru
 15152 | D:11     | Noticed a hill giant
 15163 | D:11     | Killed a hill giant
 16819 | D:12     | Received a gift from Okawaru
 17232 | Lair:1   | Entered Level 1 of the Lair of Beasts
 17247 | Lair:1   | Received a gift from Okawaru
 17580 | Lair:1   | Reached skill level 5 in Armour
 17752 | Lair:1   | Reached XP level 12. HP: 79/94 MP: 9/9
 18406 | Lair:2   | Noticed Gastronok
 18456 | Lair:2   | Killed Gastronok
 18495 | Lair:2   | Noticed a five-headed hydra
 18755 | Lair:2   | Noticed Harold
 18773 | Lair:2   | Killed Harold
 18984 | Lair:2   | Killed a one-headed hydra
 21070 | Lair:3   | Reached skill level 13 in Long Blades
 21289 | Lair:4   | Received a gift from Okawaru
 21910 | Lair:4   | HP: 4/94 [blink frog (8)]
 22288 | Lair:4   | Noticed an eight-headed hydra
 22301 | Lair:4   | Reached XP level 13. HP: 44/100 MP: 9/9
 22305 | Lair:4   | Killed a three-headed hydra
 24005 | Lair:5   | Reached skill level 14 in Long Blades
 24870 | Lair:6   | Received a gift from Okawaru
 25058 | Lair:6   | Found a staircase to the Swamp.
 25073 | Lair:6   | Received a gift from Okawaru
 25330 | Lair:6   | Noticed Snorg
 25385 | Lair:6   | Killed Snorg
 26118 | Lair:6   | Found a hole to the Spider Nest.
 26397 | Lair:6   | Found a viscous altar of Jiyva.
 26398 | Lair:6   | Found a staircase to the Slime Pits.
 26432 | Lair:6   | Reached skill level 15 in Long Blades
 26816 | Lair:7   | Noticed Nergalle
 26913 | Lair:7   | Killed Nergalle
 26915 | Lair:7   | Received a gift from Okawaru
 26930 | Lair:7   | Found a labyrinth entrance.
 26942 | Lab      | Entered a labyrinth
 27245 | Lab      | Got a dazzling shortbow
 27246 | Lab      | Identified the +7 shortbow "Neoposeo" {velocity, Str+2 Dex+1} (You took it off a minotaur in a labyrinth)
 27283 | Lab      | Got an ichor-stained scale mail
 27303 | Lair:7   | Identified the +4 scale mail of Qazlal's Reproof {+Rage rF+} (You found it in a labyrinth)
 27466 | Lair:7   | Reached skill level 1 in Evocations
 27503 | Lair:7   | Noticed Erica
 27525 | Lair:7   | Killed Erica
 27525 | Lair:7   | Reached XP level 14. HP: 98/107 MP: 13/15
 27723 | Lair:7   | Received a gift from Okawaru
 28338 | Lair:7   | Reached skill level 5 in Evocations
 28462 | Lair:7   | Received a gift from Okawaru
 28988 | Lair:8   | Entered Level 8 of the Lair of Beasts
 29053 | Lair:8   | Received a gift from Okawaru
 29944 | Lair:8   | Received a gift from Okawaru
 29948 | Lair:8   | Got a transparent great sword {god gift}
 29955 | Lair:8   | Identified the +3 great sword "Joaleud" {venom, +Blink +Inv SInv} (Okawaru gifted it to you on level 8 of the Lair of Beasts)
 31027 | Lair:8   | Received a gift from Okawaru
 31838 | Swamp:1  | Entered Level 1 of the Swamp
 33620 | Swamp:1  | Reached XP level 15. HP: 31/126 MP: 22/22
 33624 | Swamp:1  | Received a gift from Okawaru
 34009 | Swamp:2  | Received a gift from Okawaru
 34243 | Swamp:2  | Noticed a tentacled monstrosity
 34262 | Swamp:2  | Killed a tentacled monstrosity
 34262 | Swamp:2  | Received a gift from Okawaru
 34262 | Swamp:2  | Reached skill level 10 in Fighting
 34265 | Swamp:2  | Got a polished dagger {god gift}
 34266 | Swamp:2  | Identified the +6 dagger of Hodgh {flame, rF+} (Okawaru gifted it to you on level 2 of the Swamp)
 35215 | D:10     | Bought the amulet of the Four Winds {Clar rN+ MR+++} for 678 gold pieces
 35215 | D:10     | Bought a cursed amulet of inaccuracy for 32 gold pieces
 35215 | D:10     | Bought a cursed ring of loudness for 72 gold pieces
 35315 | Orc:1    | Entered Level 1 of the Orcish Mines
 35457 | Orc:1    | Noticed Duvessa
 35459 | Orc:1    | Noticed Dowan
 35466 | Orc:1    | Killed Duvessa
 35473 | Orc:1    | Killed Dowan
 35522 | Orc:1    | Found Veki's Weapon Emporium.
 35590 | Orc:1    | Found a dark tunnel.
 35595 | Volcano  | Entered a volcano
 36911 | Orc:3    | Found a staircase to the Elven Halls.
 37021 | Orc:3    | Noticed Donald
 37056 | Orc:3    | Killed Donald
 37144 | Orc:3    | Found a flagged portal.
 37190 | Bailey   | Entered a bailey
 37542 | Bailey   | Reached skill level 10 in Armour
 38019 | Bailey   | Identified a scroll of acquirement
 38576 | Orc:4    | Entered Level 4 of the Orcish Mines
 38576 | Orc:4    | Found Trym's Book Shoppe.
 38603 | Orc:3    | Received a gift from Okawaru
 39235 | Orc:4    | Found Klaasos' General Store.
 39256 | Orc:4    | Found Abrock's Food Shoppe.
 39259 | Orc:4    | Bought a scroll of identify for 28 gold pieces
 39406 | Orc:4    | Found Pazaaleck's Antique Armour Boutique.
 39425 | Orc:4    | Bought a faintly humming leather armour for 196 gold pieces
 39437 | Orc:4    | Identified the cursed -4 leather armour "Mimyubes" {+Blink Slay+5 Stlth+} (You bought it in a shop on level 4 of the Orcish Mines)
 39519 | Orc:4    | Found Qairav's Antique Armour Shop.
 39698 | Orc:4    | Found Wusibup's General Store.
 39708 | Orc:4    | Bought a scroll of vulnerability for 112 gold pieces
 39875 | Orc:4    | Received a gift from Okawaru
 39957 | Orc:4    | Found Pnioguar's Antique Weapon Emporium.
 40330 | Orc:4    | Found Kelul's General Store.
 40340 | Orc:4    | Bought a scroll of enchant weapon for 105 gold pieces
 40340 | Orc:4    | Bought a scroll of identify for 28 gold pieces
 41174 | Swamp:2  | Reached skill level 16 in Long Blades
 43702 | Swamp:3  | Noticed a thorn hunter
 44117 | Swamp:3  | Reached XP level 16. HP: 128/134 MP: 23/23
 44173 | Swamp:3  | Killed a thorn hunter
 44382 | Swamp:3  | Received a gift from Okawaru
 44907 | Swamp:4  | Gained mutation: Your muscles are strong. (Str +2) [potion of beneficial mutation]
 45382 | Swamp:4  | Received a gift from Okawaru
 45729 | Swamp:4  | Received a gift from Okawaru
 45794 | Swamp:5  | Entered Level 5 of the Swamp
 45810 | Swamp:4  | Received a gift from Okawaru
 46504 | Swamp:5  | Received a gift from Okawaru
 46633 | Swamp:5  | Reached skill level 10 in Dodging
 46681 | Swamp:5  | Got a decaying rune of Zot
 46816 | Swamp:5  | Noticed Wiglaf
 47286 | Swamp:5  | Received a gift from Okawaru
 47305 | Swamp:5  | Reached skill level 17 in Long Blades
 47668 | Swamp:5  | Killed Wiglaf
 47668 | Swamp:5  | Received a gift from Okawaru
 47969 | Swamp:5  | Noticed Norris
 48076 | Swamp:5  | Killed Norris
 48076 | Swamp:5  | Received a gift from Okawaru
 49056 | D:13     | Reached XP level 17. HP: 130/140 MP: 24/24
 49719 | D:13     | Received a gift from Okawaru
 49988 | D:14     | Noticed Louise
 50264 | D:14     | Killed Louise
 50301 | D:14     | Noticed Urug
 50308 | D:14     | Killed Urug
 50407 | D:14     | Found a gate to the Vaults.
 50715 | D:14     | Found Stroluu's Magic Scroll Emporium.
 50731 | D:14     | Bought a scroll of enchant weapon for 105 gold pieces
 50779 | Vaults:1 | Entered Level 1 of the Vaults
 50779 | Vaults:1 | Found Pnust's General Store.
 50783 | Vaults:1 | Bought a potion of heal wounds for 36 gold pieces
 50783 | Vaults:1 | Bought a scroll of blinking for 90 gold pieces
 53236 | Vaults:2 | Received a gift from Okawaru
 54093 | Vaults:2 | Cast into the Abyss (deep elf sorcerer)
 54360 | Abyss:1  | Noticed a Hell Sentinel
 54576 | Abyss:1  | Reached skill level 18 in Long Blades
 54576 | Abyss:1  | Reached XP level 18. HP: 131/148 MP: 25/25
 54606 | Abyss:1  | Found a corrupted altar of Lugonu.
 55121 | Abyss:1  | Noticed an ancient lich
 55475 | Abyss:1  | Found a corrupted altar of Lugonu.
 55675 | Vaults:2 | Escaped the Abyss
 56462 | Vaults:2 | Killed from afar by an ogre mage

Action                   |  1- 3 |  4- 6 |  7- 9 | 10-12 | 13-15 | 16-18 || total
-------------------------+-------+-------+-------+-------+-------+-------++-------
Melee: Short sword       |   127 |     6 |       |       |       |       ||   133
       Hand axe          |       |    93 |   129 |       |       |       ||   222
       Long sword        |       |       |   126 |   456 |   240 |       ||   822
       Claymore          |       |       |       |    94 |   668 |   836 ||  1598
       Great sword       |       |       |       |       |   716 |   410 ||  1126
 Fire: Hand crossbow     |     2 |    53 |   101 |   519 |   134 |    17 ||   826
       Arbalest          |       |       |       |       |       |   163 ||   163
Invok: Heroism           |       |       |       |       |     1 |       ||     1
 Abil: Evoke Berserk Rag |       |       |       |       |     4 |     3 ||     7
       Evoke Flight      |       |       |       |       |     1 |       ||     1
Evoke: Wand              |       |     2 |     3 |     7 |    20 |     9 ||    41
       Rod               |       |       |     9 |    12 |    23 |    25 ||    69
  Use: Scroll            |       |       |    19 |    13 |    20 |    15 ||    67
       Potion            |       |       |     4 |     7 |     4 |     9 ||    24
 Stab: Confused          |       |       |       |       |     2 |     1 ||     3
       Invisible         |       |       |       |       |     2 |       ||     2
       Distracted        |       |       |       |       |       |     1 ||     1
  Eat: Chunk             |     2 |     5 |    11 |    13 |    28 |    27 ||    86
       Beef jerky        |       |       |     2 |     2 |     9 |     5 ||    18
       Meat ration       |       |       |     1 |     5 |     6 |     6 ||    18
       Fruit             |       |       |       |     5 |       |     3 ||     8
       Pizza             |       |       |       |       |     1 |       ||     1
